[Event "Titled Tuesday Blitz March 28 Late 2023"]
[White "Wu, Sibo"]
[Black "Papayan, Oleg"]
[WhiteFideId "8606048"]
[BlackFideId "4193911"]
[WhiteElo "2262"]
[BlackElo "2153"]
[Result "1-0"]
[Round "02"]
[TimeControl "180+2"]
[Date "2023.03.28"]
[WhiteClock "0:00:11"]
[BlackClock "0:00:09"]

1. d4 Nf6 2. Bf4 d5 3. e3 c5 4. Nf3 Nc6 5. Nbd2 Qb6 6. dxc5 Qxb2 7. Rb1 Qxa2 8. Bb5 Bd7 9. O-O e6 10. Nb3 Ne4 11. Ra1 Qb2 12. Bxc6 Bxc6 13. Be5 Nc3 14. Qd2 Ne4 15. Qd1 Nc3 16. Qd3 Bb5 17. Qxb5+ Nxb5 18. Bxb2 Rc8 19. Nfd4 Nxd4 20. Bxd4 a6 21. f4 f6 22. Rfe1 Kd7 23. e4 dxe4 24. Rxe4 Be7 25. Rd1 Ke8 26. Rxe6 Kf7 27. Rde1 Rc7 28. f5 Rd8 29. c3 Rd5 30. g4 h5 31. h3 hxg4 32. hxg4 Rd8 33. Rb6 Rh8 34. Re4 Rh3 35. Kg2 Rd3 36. Na5 Bxc5 37. Bxc5 Rxc5 38. Rxb7+ Kg8 39. Nb3 Rcxc3 40. Nd4 Rd2+ 41. Ne2 Rcc2 42. Kf3 a5 43. Ree7 Kf8 44. Rf7+ Ke8 45. Rbe7+ Kd8 46. Rxg7 a4 47. Ra7 Rxe2 48. Rg8+ Re8 49. Ra8+ Kd7 50. Rgxe8 Rc3+ 51. Re3 Rc4 52. Re4 Rc3+ 53. Re3 Rc4 54. Ra3 Kd6 55. R8xa4 Rc1 56. Ra6+ Ke7 57. Re3+ Kf7 58. Ra7+ Kf8 59. Rd3 Rc8 60. Rad7 Ke8 61. Rh7 Rc1 62. Ra3 Rf1+ 63. Kg2 Rd1 64. Ra8+ Rd8 65. Rh8+ Ke7 66. Raxd8 Kf7 67. Rdf8+ Kg7 68. Rhg8+ Kh6 69. Rxf6+ Kh7 70. Rgg6 Kh8 71. Ra6 Kh7 72. Rge6 Kh8 73. Re7 Kg8 74. Ra8# 1-0


[Site "https://www.chess.com"]

[Event "Titled Tuesday Blitz March 28 Late 2023"]
[White "Pires, Marcos Vinicius Torsani"]
[Black "Fernandez Sanchez, Mario Andres"]
[WhiteFideId "2118939"]
[BlackFideId "6501621"]
[WhiteElo "2273"]
[BlackElo "2050"]
[Result "0-1"]
[Round "02"]
[TimeControl "180+2"]
[Date "2023.03.28"]
[WhiteClock "0:00:19"]
[BlackClock "0:01:08"]

1. d4 d5 2. Bf4 Nf6 3. e3 c5 4. c3 Nc6 5. Nd2 Qb6 6. Qb3 c4 7. Qc2 g6 8. e4 e6 9. e5 Nd7 10. h4 h5 11. Ngf3 Qa5 12. Ng5 Ne7 13. b4 cxb3 14. Nxb3 Qa4 15. Bd3 Nf5 16. g3 b6 17. O-O Ba6 18. Bxa6 Qxa6 19. Nd2 Rc8 20. Rfc1 Nxd4 21. Qd1 Nf5 22. Ndf3 Ba3 23. Rc2 Qc4 24. Rb1 Be7 25. Rbc1 Nc5 26. Nd4 Nd3 27. Nxf5 gxf5 28. Rb1 Nxf4 29. gxf4 Qxf4 30. Qe2 Qxh4 31. Nf3 Qc4 32. Qe3 Rg8+ 33. Kh1 Rg4 34. Nh2 Qe4+ 35. Qxe4 Rxe4 36. Rd1 Bc5 37. Nf3 Rf4 38. Kg2 Ke7 39. Ne1 Rg8+ 40. Kf1 h4 41. Ke2 Rxf2+ 42. Kd3 Rxc2 43. Nxc2 h3 44. Nd4 Bxd4 45. Kxd4 h2 46. Rh1 Rg2 47. c4 dxc4 48. Kxc4 Rxa2 49. Kb5 f4 0-1


[Site "https://www.chess.com"]

[Event "Titled Tuesday Blitz March 28 Late 2023"]
[White "Hirneise, Jens"]
[Black "Torres Dominguez, David"]
[WhiteFideId "24614734"]
[BlackFideId "2220857"]
[WhiteElo "2345"]
[BlackElo "1999"]
[Result "1-0"]
[Round "02"]
[TimeControl "180+2"]
[Date "2023.03.28"]
[WhiteClock "0:01:56"]
[BlackClock "0:00:43"]

1. d4 e5 2. dxe5 d6 3. Nf3 Bg4 4. Nc3 Nc6 5. e6 fxe6 6. e4 Qd7 7. Be2 O-O-O 8. Be3 Nf6 9. O-O e5 10. b4 Kb8 11. b5 Ne7 12. a4 Ng6 13. a5 Be7 14. b6 cxb6 15. axb6 a6 16. Bxa6 bxa6 17. Rxa6 Qc6 18. Qa1 Bxf3 19. b7 Kc7 20. Rxc6+ Kxc6 21. Qa4+ Kxb7 22. Rb1+ Kc7 23. Qa7+ Kc6 24. Rb6# 1-0


[Site "https://www.chess.com"]

[Event "Titled Tuesday Blitz March 28 Late 2023"]
[White "Estremera Panos, Sergio"]
[Black "Koutlas, Nikolaos"]
[WhiteFideId "2200864"]
[BlackFideId "25827138"]
[WhiteElo "2253"]
[BlackElo "2215"]
[Result "0-1"]
[Round "02"]
[TimeControl "180+2"]
[Date "2023.03.28"]
[WhiteClock "0:00:31"]
[BlackClock "0:01:00"]

1. d4 f5 2. c4 Nf6 3. Nf3 g6 4. g3 Bg7 5. Bg2 O-O 6. O-O d6 7. Nc3 e6 8. Qc2 a6 9. Re1 d5 10. Ne5 c6 11. Bf4 Ne4 12. f3 g5 13. fxe4 gxf4 14. exd5 cxd5 15. cxd5 Qb6 16. Qd2 Bxe5 17. gxf4 Qxd4+ 18. Qxd4 Bxd4+ 19. e3 Bf6 20. dxe6 Bxe6 21. Bxb7 Ra7 22. Bf3 Bxc3 23. bxc3 Nd7 24. Rad1 Nc5 25. Rd6 Bxa2 26. Ra1 Bf7 27. Rc6 Nb3 28. Raxa6 Re7 29. Kf2 Rfe8 30. c4 Rxe3 31. Rc7 Nd4 32. Bd5 Bxd5 33. cxd5 Re2+ 34. Kg3 R8e3+ 35. Kh4 Rxh2+ 36. Kg5 Rg3+ 37. Kf6 Rh6+ 38. Ke5 Nf3+ 39. Kxf5 Rxa6 40. Rc8+ Kg7 41. Rc7+ Kh6 42. Re7 Nd4+ 43. Ke4 Re3+ 0-1


[Site "https://www.chess.com"]

[Event "Titled Tuesday Blitz March 28 Late 2023"]
[White "Romero Pallares, Daniel"]
[Black "FuenfgegenWilly"]
[WhiteFideId "32025637"]
[WhiteElo "2195"]
[BlackElo "2226"]
[Result "0-1"]
[Round "02"]
[TimeControl "180+2"]
[Date "2023.03.28"]
[WhiteClock "0:00:03"]
[BlackClock "0:00:24"]

1. e4 e5 2. Nf3 Nc6 3. d4 exd4 4. Bc4 Nf6 5. e5 d5 6. Bb5 Ne4 7. Nxd4 Bd7 8. Bxc6 bxc6 9. O-O Bc5 10. f3 Ng5 11. f4 Ne4 12. Be3 Qb8 13. Nc3 Qxb2 14. Nxe4 dxe4 15. Qd2 Qb4 16. Qf2 O-O 17. f5 Rae8 18. Rab1 Qa5 19. f6 Qxa2 20. fxg7 Kxg7 21. Qf6+ Kg8 22. Kh1 Bxd4 23. Bxd4 Re6 24. Qh4 Rg6 25. Rbe1 Qxc2 26. Rf2 Qd3 27. Bc5 Re8 28. Qf4 Be6 29. h4 Rg4 30. Qf6 Qg3 31. Re3 Rxh4+ 32. Kg1 Qh2+ 33. Kf1 Qh1+ 34. Ke2 Bg4+ 35. Kd2 Qd1+ 36. Kc3 Qa1+ 37. Kb4 Rb8+ 38. Kc4 Qa4+ 39. Kc3 Rb3+ 40. Kd2 Qa2+ 41. Kc1 Rb1# 0-1


[Site "https://www.chess.com"]

[Event "Titled Tuesday Blitz March 28 Late 2023"]
[White "Rose, Felix"]
[Black "WindWhistler11"]
[WhiteFideId "5105722"]
[WhiteElo "2039"]
[BlackElo "2487"]
[Result "1-0"]
[Round "02"]
[TimeControl "180+2"]
[Date "2023.03.28"]
[WhiteClock "0:00:36"]
[BlackClock "0:00:03"]

1. e4 d6 2. d4 Nf6 3. Nc3 e5 4. Nf3 Nbd7 5. Bc4 Be7 6. O-O O-O 7. Re1 c6 8. a4 Qc7 9. a5 Rb8 10. d5 a6 11. h3 Re8 12. Nh4 Nxd5 13. Bxd5 Bxh4 14. Bxf7+ Kxf7 15. Qh5+ Kf8 16. Qxh4 Kg8 17. Bg5 Nf8 18. Red1 Be6 19. Be3 Re7 20. Bb6 Qd7 21. Rd2 Ng6 22. Qg3 d5 23. exd5 cxd5 24. Nxd5 Bxd5 25. c4 Nf4 26. cxd5 Rf7 27. Rad1 Rf6 28. d6 Rg6 29. Qb3+ Kh8 30. g3 Qxh3 31. Qf3 Qd7 32. Kf1 Rf8 33. gxf4 Rxf4 34. Qh1 Rh6 35. Qg2 Rg6 36. Qh2 Rh6 37. Qg3 Rh3 38. Qg5 Rh1+ 39. Ke2 Qb5+ 40. Rd3 Qxb2+ 41. R1d2 1-0


[Site "https://www.chess.com"]

[Event "Titled Tuesday Blitz March 28 Late 2023"]
[White "Schmidt, Harald"]
[Black "Gasparyan, David"]
[WhiteFideId "4648358"]
[BlackFideId "13311980"]
[WhiteElo "2214"]
[BlackElo "2483"]
[Result "0-1"]
[Round "02"]
[TimeControl "180+2"]
[Date "2023.03.28"]
[WhiteClock "0:00:22"]
[BlackClock "0:00:56"]

1. e4 g6 2. h4 h6 3. h5 g5 4. d4 c5 5. d5 Bg7 6. Nc3 d6 7. f4 gxf4 8. Bxf4 Nf6 9. e5 dxe5 10. Bxe5 Nbd7 11. Bf4 a6 12. Be2 Qa5 13. Qd2 b5 14. Bf3 Bb7 15. d6 Bxf3 16. Nxf3 exd6 17. Bxd6 O-O-O 18. O-O Qb6 19. Rad1 Nxh5 20. Qd5 Ndf6 21. Qf5+ Kb7 22. Be5 Qe6 23. Qxe6 fxe6 24. Ne2 Nd5 25. Bxg7 Nxg7 26. Ne5 Rhf8 27. Rxf8 Rxf8 28. Nd7 Rc8 29. Rf1 Nf5 30. Nf4 Nde3 31. Rf3 Rc7 32. Nxe6 Rxd7 33. Nxc5+ Kc6 34. Nxd7 Kxd7 35. g4 Nxg4 36. Rxf5 Ne3 37. Rf2 Kc6 38. Re2 Nc4 39. b3 Nd6 40. Kf2 Kd5 41. Ke3 h5 42. Kd3 h4 43. Rf2 h3 44. Rh2 Ne4 45. Ke3 Ng5 46. c3 Ke5 47. c4 bxc4 48. bxc4 Kd6 49. Kf4 Ne6+ 50. Ke4 Kc5 51. Rxh3 Ng5+ 52. Kd3 Nxh3 53. Kc3 Nf4 54. Kb3 Ne6 55. Ka4 Kb6 56. Kb4 Nc5 57. a3 a5+ 58. Kc3 Kc6 59. Kd4 Kd6 0-1


[Site "https://www.chess.com"]

[Event "Titled Tuesday Blitz March 28 Late 2023"]
[White "Mendez Machado, Andre"]
[Black "Sohal, Tanraj"]
[WhiteFideId "6603793"]
[BlackFideId "2608499"]
[WhiteElo "1984"]
[BlackElo "2213"]
[Result "0-1"]
[Round "02"]
[TimeControl "180+2"]
[Date "2023.03.28"]
[WhiteClock "0:00:10"]
[BlackClock "0:00:51"]

1. e4 c6 2. d4 d5 3. f3 e5 4. dxe5 dxe4 5. Qxd8+ Kxd8 6. fxe4 Nd7 7. Nf3 Bb4+ 8. Bd2 Bxd2+ 9. Nbxd2 Ne7 10. Nc4 Ng6 11. O-O-O Kc7 12. a4 Re8 13. Nd6 Re7 14. Nf5 Re8 15. Nxg7 Rg8 16. Nf5 Ndxe5 17. Nh6 Re8 18. Be2 Be6 19. Rhf1 a5 20. Nxe5 Nxe5 21. Bh5 Re7 22. Rf2 Rd8 23. Rdf1 Rd4 24. Nxf7 Bxf7 25. Bxf7 Rxa4 26. Bg8 Rxe4 27. h3 a4 28. Kb1 Rg7 29. Ba2 b5 30. Be6 Kd6 31. Bf5 Rd4 32. c3 Rh4 33. Rd2+ Kc5 34. Re1 Nc4 35. Rde2 Rf4 36. Bd3 Nd6 37. Re5+ Kb6 38. Re6 Kc7 39. Be2 Rxg2 40. Bg4 Rff2 41. Re7+ Kb6 42. R1e2 Nc4 43. Rxf2 Rxf2 44. Rxh7 Rxb2+ 45. Kc1 a3 46. Bf5 Rf2 47. Bb1 a2 48. Bxa2 Rxa2 49. h4 Rh2 50. h5 Nd6 51. h6 Nf5 0-1


[Site "https://www.chess.com"]

[Event "Titled Tuesday Blitz March 28 Late 2023"]
[White "Sztokbant, Bernardo Vainzoff"]
[Black "ilya2700"]
[WhiteFideId "2115956"]
[WhiteElo "2222"]
[BlackElo "2214"]
[Result "1-0"]
[Round "02"]
[TimeControl "180+2"]
[Date "2023.03.28"]
[WhiteClock "0:00:02"]
[BlackClock "0:00:01"]

1. e4 c5 2. Nf3 e6 3. d4 cxd4 4. Nxd4 Nf6 5. Nc3 Nc6 6. Ndb5 Bb4 7. a3 Bxc3+ 8. Nxc3 d5 9. exd5 exd5 10. Bd3 O-O 11. O-O d4 12. Ne2 Bg4 13. Bf4 Re8 14. f3 Bh5 15. Qd2 Nd5 16. Rfe1 Qf6 17. Be4 Rad8 18. Bg5 Qd6 19. Bxd8 Rxd8 20. Nxd4 Nf6 21. c3 Nxd4 22. cxd4 Qb6 23. Rad1 h6 24. Bb1 Nd5 25. Re5 Bg6 26. Bxg6 fxg6 27. Rde1 Nf6 28. Rd1 Kh7 29. h3 a6 30. Kh1 Nh5 31. d5 Qd6 32. Rde1 Ng3+ 33. Kg1 Nf5 34. Qb4 Qd7 35. Qb6 Ng3 36. Re7 Qxd5 37. Qxb7 Qd4+ 38. Kh2 Nf5 39. R7e4 Qd6+ 40. Kg1 Qc5+ 41. Kh2 Qd6+ 42. f4 Qd2 43. Qc7 Qd3 44. Re5 Qg3+ 45. Kh1 Rd2 46. Qc6 Qxf4 47. Qf3 Ng3+ 48. Kg1 Ne2+ 49. R5xe2 Qd4+ 50. Qf2 1-0


[Site "https://www.chess.com"]

[Event "Titled Tuesday Blitz March 28 Late 2023"]
[White "Kubatko, Ivan"]
[Black "ritanovikova"]
[WhiteFideId "24111473"]
[WhiteElo "2285"]
[BlackElo "2212"]
[Result "1-0"]
[Round "02"]
[TimeControl "180+2"]
[Date "2023.03.28"]
[WhiteClock "0:00:26"]
[BlackClock "0:00:33"]

1. e4 d5 2. exd5 Qxd5 3. Nc3 Qd6 4. d4 Nf6 5. Be3 a6 6. Nge2 Bg4 7. f3 Bh5 8. Qd2 e6 9. g4 Bg6 10. h4 h6 11. Nf4 Bh7 12. g5 Nd5 13. g6 Bg8 14. Nfxd5 exd5 15. O-O-O Nc6 16. Bf4 Qd7 17. gxf7+ Bxf7 18. Bh3 Qd8 19. Rde1+ Be7 20. Rhg1 Kf8 21. Kb1 Bxh4 22. Re2 Bf6 23. Be5 Bh5 24. Reg2 Bxf3 25. Rxg7 Nxe5 26. dxe5 Bxg7 27. Qf4+ Kg8 28. Be6+ Kh7 29. Qf5# 1-0


[Site "https://www.chess.com"]

[Event "Titled Tuesday Blitz March 28 Late 2023"]
[White "Araujo, Everson De Moura"]
[Black "Karwowski, Kacper"]
[WhiteFideId "22737197"]
[BlackFideId "1126032"]
[WhiteElo "2035"]
[BlackElo "2261"]
[Result "1-0"]
[Round "02"]
[TimeControl "180+2"]
[Date "2023.03.28"]
[WhiteClock "0:00:03"]
[BlackClock "0:01:52"]

1. d4 d5 2. Nc3 c5 3. Nf3 Nc6 4. e3 cxd4 5. exd4 a6 6. Bf4 Bg4 7. Be2 e6 8. O-O Bxf3 9. Bxf3 Qb6 10. Bxd5 Nxd4 11. Be3 exd5 12. Bxd4 Qc6 13. Re1+ Ne7 14. Qe2 O-O-O 15. b3 Nf5 16. Qg4 Qg6 17. Qxg6 hxg6 18. Be5 f6 19. Bf4 Bb4 20. Na4 Bxe1 21. Nb6# 1-0


[Site "https://www.chess.com"]

[Event "Titled Tuesday Blitz March 28 Late 2023"]
[White "ArchibaldCerveza29"]
[Black "Napoli, Nicolo"]
[BlackFideId "813702"]
[WhiteElo "2464"]
[BlackElo "2308"]
[Result "0-1"]
[Round "02"]
[TimeControl "180+2"]
[Date "2023.03.28"]
[WhiteClock "0:00:07"]
[BlackClock "0:00:37"]

1. e4 Nc6 2. Nf3 e5 3. d4 exd4 4. Bc4 Nf6 5. O-O d6 6. Re1 Ne5 7. Bb3 Bg4 8. Nbd2 Be7 9. h3 Bh5 10. g4 Bg6 11. Nxd4 h5 12. g5 Nh7 13. f4 Bxg5 14. fxg5 Qxg5+ 15. Kh1 Qg3 16. Nf1 Qxh3+ 17. Kg1 O-O-O 18. Re3 Qg4+ 19. Qxg4+ hxg4 20. c3 Ng5 21. Rg3 Nxe4 22. Re3 Rh7 23. Rxe4 Bxe4 24. Ng3 Bf3 25. Bg5 f6 26. Be6+ Kb8 27. Bf4 Rdh8 28. Rf1 g5 29. Bxe5 fxe5 30. Nxf3 gxf3 31. Rxf3 Rh2 32. Rf2 Rxf2 33. Kxf2 Rh2+ 34. Ke3 Rxb2 35. Ne4 g4 36. Nf6 g3 37. Nd7+ Ka8 38. Bd5 g2 39. Bxg2 Rxg2 40. c4 Rxa2 41. Ke4 a5 42. c5 dxc5 43. Kf5 a4 44. Kg6 a3 45. Kg7 Rd2 46. Nf8 a2 47. Ng6 a1=Q 48. Kh7 Rh2+ 49. Kg7 e4+ 50. Kf7 Rh7+ 51. Ke8 Qg7 52. Nf8 Qe7# 0-1


[Site "https://www.chess.com"]

[Event "Titled Tuesday Blitz March 28 Late 2023"]
[White "Dahlgren, James Allen"]
[Black "Khandelwal, Ankush"]
[WhiteFideId "22256873"]
[BlackFideId "413470"]
[WhiteElo "2203"]
[BlackElo "2263"]
[Result "0-1"]
[Round "02"]
[TimeControl "180+2"]
[Date "2023.03.28"]
[WhiteClock "0:00:40"]
[BlackClock "0:00:48"]

1. e4 c5 2. Nc3 a6 3. f4 b5 4. Nf3 Bb7 5. d4 cxd4 6. Nxd4 b4 7. Na4 Bxe4 8. Bd3 Bxg2 9. Rg1 Bb7 10. Be3 d6 11. f5 Nd7 12. Ne6 fxe6 13. fxe6 Ndf6 14. Nb6 Rb8 15. Qe2 Bc8 16. Bb5+ axb5 17. Qxb5+ Bd7 18. exd7+ Qxd7 19. Qxb4 e5 20. O-O-O d5 21. Nxd7 Rxb4 22. Nxe5 Re4 23. Bd4 Ne7 24. Rge1 Nf5 25. Rxe4 Nxe4 26. Rf1 Nxd4 27. c3 Ne6 0-1


[Site "https://www.chess.com"]

[Event "Titled Tuesday Blitz March 28 Late 2023"]
[White "Manukian, Artak"]
[Black "Stanisz, Patryk"]
[WhiteFideId "13301373"]
[BlackFideId "1123106"]
[WhiteElo "2130"]
[BlackElo "2069"]
[Result "1-0"]
[Round "02"]
[TimeControl "180+2"]
[Date "2023.03.28"]
[WhiteClock "0:00:23"]
[BlackClock "0:00:17"]

1. e4 c5 2. Nf3 Nc6 3. c3 f6 4. d4 e6 5. d5 Nb8 6. c4 d6 7. Nc3 e5 8. Bd3 g6 9. O-O Bg4 10. h3 Bxf3 11. Qxf3 Nd7 12. a3 Bh6 13. Nb5 Qb8 14. Qg4 Nf8 15. b4 a6 16. Nc3 Qc8 17. Qh4 Bg7 18. Na4 Nd7 19. bxc5 Nxc5 20. Bc2 Nxa4 21. Bxa4+ Kf7 22. Rb1 Rb8 23. Rb6 Qxc4 24. Bd7 Qc7 25. Be6+ Kf8 26. Be3 Ne7 27. Rc1 Qd8 28. Rcb1 f5 29. Bh6 fxe4 30. Qf6+ Ke8 31. Qxg7 1-0


[Site "https://www.chess.com"]

[Event "Titled Tuesday Blitz March 28 Late 2023"]
[White "Kokoszczynski, Jan"]
[Black "lluiss"]
[WhiteFideId "1174460"]
[WhiteElo "2139"]
[BlackElo "2191"]
[Result "1-0"]
[Round "02"]
[TimeControl "180+2"]
[Date "2023.03.28"]
[WhiteClock "0:00:07"]
[BlackClock "0:00:11"]

1. d4 Nf6 2. c4 g6 3. Nc3 d5 4. cxd5 Nxd5 5. e4 Nxc3 6. bxc3 Bg7 7. Qa4+ Qd7 8. Qb3 O-O 9. Nf3 c5 10. Be3 Nc6 11. d5 Na5 12. Qa3 b6 13. Be2 f5 14. O-O fxe4 15. Nd2 Qf5 16. Bxc5 Qxd5 17. Qxa5 Qxd2 18. Bc4+ Kh8 19. Bxb6 Bxc3 20. Qa3 Bb4 21. Be3 Bxa3 22. Bxd2 Bb2 23. Rab1 Be5 24. Bd5 Ba6 25. Bxa8 Bxf1 26. Kxf1 Rxa8 27. Rb7 Bf6 28. Ke2 Kg7 29. a4 Kf7 30. a5 a6 31. Bb4 Rc8 32. Rb6 Rc2+ 33. Ke1 Bd4 34. Rxa6 Rxf2 35. Bc3 Bxc3+ 36. Kxf2 e6 37. Ke2 Kf6 38. Ra8 h5 39. a6 Bd4 40. Rd8 Bc5 41. Rc8 Bd4 42. Rc7 Ke5 43. a7 Kd6 44. Rb7 Bxa7 45. Rxa7 Ke5 46. Ra4 Kf5 47. Ke3 g5 48. Rxe4 g4 49. g3 e5 50. Ra4 Ke6 51. Ke4 Kd6 52. Ra6+ Kc5 53. Rh6 1-0


[Site "https://www.chess.com"]

[Event "Titled Tuesday Blitz March 28 Late 2023"]
[White "Bullen, Alex"]
[Black "Fernandez, Maria Florencia"]
[WhiteFideId "1801627"]
[BlackFideId "116459"]
[WhiteElo "2088"]
[BlackElo "2155"]
[Result "1-0"]
[Round "02"]
[TimeControl "180+2"]
[Date "2023.03.28"]
[WhiteClock "0:00:14"]
[BlackClock "0:00:01"]

1. d4 Nf6 2. Nf3 g6 3. Nbd2 Bg7 4. e4 d6 5. Bb5+ c6 6. Bd3 O-O 7. O-O Qc7 8. a4 e5 9. dxe5 dxe5 10. Nc4 Nh5 11. b3 Nf4 12. Bb2 Nxd3 13. Qxd3 Nd7 14. Qd6 Qxd6 15. Nxd6 f6 16. Rad1 Rd8 17. Ba3 Bf8 18. Rd2 Bxd6 19. Rxd6 Rf8 20. Rfd1 Rf7 21. Nd2 Nf8 22. Nc4 Be6 23. Na5 Kg7 24. Rd8 Rxd8 25. Rxd8 f5 26. f3 fxe4 27. fxe4 Nd7 28. Nxb7 Nf6 29. Nd6 Rc7 30. h3 Nh5 31. Ne8+ Kh6 32. Nxc7 Bf7 33. Bf8+ Kg5 34. Rd7 Bg8 35. Be7+ Kh6 36. Rd6 Nf4 37. Rxc6 Ne2+ 38. Kf2 Nd4 39. Rd6 Nxc2 40. Ne6 Nb4 41. g4 g5 42. Bxg5+ Kg6 43. Nc5+ Kf7 44. Nd3 Nc2 45. Nxe5+ Ke8 46. Ra6 Be6 47. Rxa7 1-0


[Site "https://www.chess.com"]

[Event "Titled Tuesday Blitz March 28 Late 2023"]
[White "Rodshtein, Maxim"]
[Black "Lopez Perdomo, Juan David"]
[WhiteFideId "2806851"]
[BlackFideId "4405137"]
[WhiteElo "2555"]
[BlackElo "1965"]
[Result "1-0"]
[Round "02"]
[TimeControl "180+2"]
[Date "2023.03.28"]
[WhiteClock "0:01:02"]
[BlackClock "0:00:15"]

1. b3 e6 2. Bb2 d5 3. e3 Nf6 4. Nf3 c5 5. c4 Be7 6. cxd5 exd5 7. d4 cxd4 8. Nxd4 O-O 9. Be2 Nc6 10. O-O Ne4 11. Nd2 Bf6 12. Nxc6 bxc6 13. Bxf6 Nxf6 14. Qc2 Qd6 15. Rac1 Bg4 16. Bd3 Rac8 17. h3 Bd7 18. Qc5 Qe5 19. Rfe1 Qg5 20. Nf3 Qh5 21. Nd4 Rfe8 22. Qd6 Kh8 23. Rc2 Qg5 24. Kf1 Qh6 25. Rec1 Rcd8 26. Qg3 Nh5 27. Qf3 Rc8 28. b4 Qd6 29. Qxh5 g6 30. Qh4 Re5 31. Qf4 Qe7 32. Nxc6 Bxc6 33. Rxc6 Rxc6 34. Rxc6 g5 35. Qd4 Qf6 36. Rxf6 1-0


[Site "https://www.chess.com"]

[Event "Titled Tuesday Blitz March 28 Late 2023"]
[White "Donskov, Anatoly"]
[Black "Mazzilli, Piero"]
[WhiteFideId "24143413"]
[BlackFideId "807087"]
[WhiteElo "2247"]
[BlackElo "2178"]
[Result "1-0"]
[Round "02"]
[TimeControl "180+2"]
[Date "2023.03.28"]
[WhiteClock "0:00:17"]
[BlackClock "0:00:07"]

1. e4 c5 2. Nf3 d6 3. d4 cxd4 4. Nxd4 Nf6 5. Nc3 a6 6. Rg1 e5 7. Nb3 b5 8. g4 Bb7 9. Bg2 h6 10. h4 Nbd7 11. g5 hxg5 12. hxg5 Nh5 13. Be3 Be7 14. Qd2 Rc8 15. O-O-O Nf4 16. Bf3 b4 17. Nd5 Nxd5 18. exd5 a5 19. Kb1 Qc7 20. Be4 a4 21. Nc1 Nc5 22. Bf5 Rb8 23. g6 f6 24. f4 Ba6 25. fxe5 fxe5 26. Nd3 b3 27. Nxc5 bxa2+ 28. Ka1 dxc5 29. d6 Qb6 30. c3 Bf6 31. d7+ Kd8 32. Rg2 e4 33. Bf4 a3 34. Bxb8 Qxb8 35. bxa3 Qe5 36. Qb2 Qxc3 37. Qxc3 Bxc3+ 38. Kxa2 Bc4+ 39. Kb1 Ke7 40. Rc2 Rb8+ 41. Kc1 Bd3 42. Rxd3 exd3 43. Rxc3 d2+ 44. Kxd2 Rb5 45. Rd3 Kd8 46. Re3 Rb2+ 47. Kc3 1-0


[Site "https://www.chess.com"]

[Event "Titled Tuesday Blitz March 28 Late 2023"]
[White "Senthilkumar, Pranav"]
[Black "Barria Santos, Jose Guilherme"]
[WhiteFideId "2083477"]
[BlackFideId "1939300"]
[WhiteElo "1860"]
[BlackElo "2301"]
[Result "1-0"]
[Round "02"]
[TimeControl "180+2"]
[Date "2023.03.28"]
[WhiteClock "0:01:16"]
[BlackClock "0:00:03"]

1. Nf3 Nf6 2. g3 g6 3. Bg2 Bg7 4. O-O O-O 5. c4 d6 6. Nc3 Nc6 7. d4 e5 8. d5 Nb8 9. e4 a5 10. b3 Na6 11. Bb2 Nh5 12. Nd2 Bd7 13. a3 Qc8 14. Rb1 Bh3 15. Ba1 Bxg2 16. Kxg2 Nc5 17. b4 axb4 18. axb4 Na6 19. c5 dxc5 20. bxc5 Nxc5 21. Nc4 Rd8 22. Qe2 f5 23. Rfc1 b6 24. d6 Qb7 25. dxc7 Qxc7 26. Nd5 Qf7 27. Ncxb6 Ra5 28. Bc3 Ra3 29. Bb4 Ra6 30. Bxc5 fxe4 31. Qxe4 Ra2 32. Ra1 Nf6 33. Nxf6+ Bxf6 34. Rxa2 Qxa2 35. Qc4+ Qxc4 36. Nxc4 Rc8 37. Ne3 Be7 38. Ba3 Rxc1 39. Bxc1 Kf7 40. Kf3 Ke6 41. Ke4 h5 42. Bb2 Bf6 43. Nc4 h4 44. Bxe5 Be7 45. Ne3 hxg3 46. hxg3 Bd8 47. f4 Be7 48. g4 Bd8 49. Nd5 1-0


[Site "https://www.chess.com"]

[Event "Titled Tuesday Blitz March 28 Late 2023"]
[White "Liu, Casper"]
[Black "Khatena, Moshe"]
[WhiteFideId "1454153"]
[BlackFideId "2010461"]
[WhiteElo "2221"]
[BlackElo "2162"]
[Result "1-0"]
[Round "02"]
[TimeControl "180+2"]
[Date "2023.03.28"]
[WhiteClock "0:00:51"]
[BlackClock "0:00:22"]

1. d4 b5 2. c4 bxc4 3. e4 d5 4. exd5 Qxd5 5. Nc3 Qd7 6. Bxc4 Bb7 7. Nf3 e6 8. Bb5 c6 9. Ne5 Qc7 10. Bc4 Nd7 11. Bf4 Nxe5 12. Bxe5 Qd7 13. O-O Nf6 14. f4 Nd5 15. f5 O-O-O 16. fxe6 Qxe6 17. Qb3 Bd6 18. Rac1 Kb8 19. Bxd6+ Rxd6 20. Rce1 Qg6 21. Re7 Nxe7 22. Rxf7 Re8 23. Ba6 Rd7 24. Na4 Qb1+ 25. Rf1 Qe4 26. Kh1 Qxd4 27. h3 Nc8 28. Rc1 Nb6 29. Nc5 Qf4 30. Nxd7+ Nxd7 31. Qxb7# 1-0


[Site "https://www.chess.com"]

[Event "Titled Tuesday Blitz March 28 Late 2023"]
[White "Adel, Sara"]
[Black "Minko, Dmitry"]
[WhiteFideId "10616764"]
[BlackFideId "24188468"]
[WhiteElo "1982"]
[BlackElo "2147"]
[Result "0-1"]
[Round "02"]
[TimeControl "180+2"]
[Date "2023.03.28"]
[WhiteClock "0:02:01"]
[BlackClock "0:02:06"]

1. e4 e5 2. Nf3 Nc6 3. Bc4 Nf6 4. d3 h6 5. c3 g6 6. Qe2 Bg7 7. Nbd2 O-O 8. Nf1 d5 9. exd5 Nxd5 10. Ne3 Nf4 11. Qc2 Na5 12. g3 Nxc4 13. gxf4 Nxe3 14. Bxe3 exf4 15. Bxf4 Re8+ 16. Be3 Bg4 17. Ng1 Qh4 18. Kd2 Rxe3 0-1


[Site "https://www.chess.com"]

[Event "Titled Tuesday Blitz March 28 Late 2023"]
[White "Molenda, Marcin"]
[Black "Kornyukov, Alexey"]
[WhiteFideId "1173065"]
[BlackFideId "4150457"]
[WhiteElo "2286"]
[BlackElo "2352"]
[Result "0-1"]
[Round "02"]
[TimeControl "180+2"]
[Date "2023.03.28"]
[WhiteClock "0:00:58"]
[BlackClock "0:00:20"]

1. e4 c5 2. c3 Nf6 3. e5 Nd5 4. Nf3 d6 5. Bc4 dxe5 6. Nxe5 e6 7. O-O Be7 8. d4 cxd4 9. cxd4 O-O 10. Nc3 Nf6 11. Bg5 h6 12. Bh4 a6 13. a3 b5 14. Ba2 Bb7 15. Re1 Nc6 16. Qf3 Qb6 17. Nxc6 Bxc6 18. Qe3 Rfe8 19. Rad1 Qb7 20. Qh3 Rad8 21. Rd3 b4 22. axb4 Qxb4 23. Rg3 Rxd4 24. Bxe6 Rxh4 25. Bxf7+ Kxf7 26. Qe6+ Kf8 27. Qxc6 Qxb2 28. Nd5 Qd2 29. Rge3 Qxd5 30. Qxa6 Qd6 31. Qb5 Qxh2+ 32. Kf1 Qh1+ 33. Ke2 Qxg2 0-1


[Site "https://www.chess.com"]

[Event "Titled Tuesday Blitz March 28 Late 2023"]
[White "Michalski, Olaf"]
[Black "Fernandez Garcia, Gumersindo"]
[WhiteFideId "1106740"]
[BlackFideId "24516740"]
[WhiteElo "2173"]
[BlackElo "2093"]
[Result "0-1"]
[Round "02"]
[TimeControl "180+2"]
[Date "2023.03.28"]
[WhiteClock "0:00:04"]
[BlackClock "0:00:47"]

1. d4 Nf6 2. Nf3 e6 3. c4 d5 4. Nc3 Bb4 5. Qa4+ Nc6 6. e3 O-O 7. Qc2 a6 8. a3 Bxc3+ 9. bxc3 dxc4 10. Bxc4 b5 11. Bd3 Bb7 12. O-O Re8 13. e4 e5 14. d5 Na5 15. a4 Nc4 16. Bxc4 bxc4 17. Rd1 Qc8 18. Nd2 c6 19. Nxc4 cxd5 20. Nb6 Qc6 21. Nxa8 Nxe4 22. Be3 Bxa8 23. Rac1 Rc8 24. c4 d4 25. f3 Nc3 26. Bf2 Nxd1 27. Rxd1 Qxc4 28. Qf5 Qe6 29. Qg5 f6 30. Qd2 Qb3 31. Qa5 Qxd1+ 0-1


[Site "https://www.chess.com"]